 Dungeon Crawl Stone Soup version 0.24-a0-616-ge2a249a (webtiles) character file.

Game seed: 1468171986271026300, levelgen mode: deterministic

49 JeffiDaFish the Covered (level 3, -1/24 HPs)
             Began as a Gargoyle Fighter on Sept 14, 2019.
             Slain by a leopard gecko (3 damage)
             ... on level 2 of the Dungeon.
             The game lasted 00:02:03 (963 turns).

JeffiDaFish the Covered (Gargoyle Fighter)           Turns: 963, Time: 00:02:03

Health: -1/24      AC: 10    Str: 25    XL:     3   Next: 77%
Magic:  3/3        EV:  7    Int:  8    God:
Gold:   62         SH:  9    Dex:  9    Spells: 2/2 levels left

rFire    . . .     SeeInvis .   a - +0 flail
rCold    . . .     Gourm    .   c - +0 shield
rNeg     + . .     Faith    .   b - +0 scale mail
rPois    ∞         Spirit   .   (no helmet)
rElec    +         Reflect  .   (no cloak)
rCorr    .         Harm     .   (no gloves)
MR       .....                  (no boots)
Stlth    ..........             (no amulet)
HPRegen  0.08/turn              (no ring)
MPRegen  0.08/turn              (no ring)

@: mighty
A: negative energy resistance 1, electricity resistance, unbreathing,
petrification resistance, rot immunity, AC +3
a: no special abilities


You were on level 2 of the Dungeon.
You were not hungry.

You visited 1 branch of the dungeon, and saw 2 of its levels.

You collected 62 gold pieces.

Inventory:

Hand Weapons
 a - a +0 flail (weapon)
Armour
 b - a +0 scale mail (worn)
 c - a +0 shield (worn)
Comestibles
 f - 6 rations
 g - 4 chunks of flesh


   Skills:
 * Level 3.6 Fighting
 * Level 2.6 Maces & Flails
 + Level 3.8 Armour
 - Level 0.1 Dodging
 + Level 3.7 Shields


You had 2 spell levels left.
You didn't know any spells.
Your spell library was empty.

Dungeon Overview and Level Annotations

Branches:
Dungeon (2/15)

Altars:
Ashenzari
Dithmenos
Trog
Xom
The Shining One

Annotations:
D:2 Jessica


Innate Abilities, Weirdness & Mutations

You are resistant to torment.
Your stone body is resilient. (AC +3)
You are immune to poison.
You resist negative energy. (rN+)
You are resistant to electric shocks. (rElec)
You can survive without breathing.
You are immune to petrification.
You are immune to rotting.


Message History

Jessica freezes you.
* * * LOW HITPOINT WARNING * * *
The leopard gecko bites you but does no damage.
Jessica casts a spell.
Jessica blinks!
Jessica gestures wildly while chanting.
Jessica blinks!
You closely miss the leopard gecko. The leopard gecko barely misses you. x2
Your scale mail prevents you from hitting the leopard gecko.
The leopard gecko bites you.
* * * LOW HITPOINT WARNING * * *
Jessica says, "I'm really upset."
You block the leopard gecko's attack.
You feel very mighty all of a sudden. The leopard gecko barely misses you.
You miss the leopard gecko. You block the leopard gecko's attack.
Jessica casts a spell.
Jessica blinks!
You miss the leopard gecko. The leopard gecko bites you.
You die...

##.......#...#
###. #...§§..#
#.# ... #..§.§..#
#.# .. #####.#.#
#.# .# ###
#.#.###.##.##....
#....÷.........#
#.............=#
#....##.....[.#
#....@l.....@..#
#######.......##
#..........
###...##### ##.##
##


You could see Jessica and a leopard gecko.

Vanquished Creatures
  An adder (D:2)
  2 dart slugs
  7 goblins
  2 hobgoblins (D:1)
  4 jackals (D:1)
  5 bats
  2 frilled lizards (D:2)
  7 kobolds (D:1)
  4 rats (D:1)
34 creatures vanquished.

Notes
Turn   | Place    | Note
-------+----------+-------------------------------------------
     0 | D:1      | JeffiDaFish the Gargoyle Fighter began the quest for the
                  | Orb.
     0 | D:1      | Reached XP level 1. HP: 14/14 MP: 1/1
   144 | D:1      | Reached XP level 2. HP: 16/19 MP: 2/2
   417 | D:1      | Found a hazy altar of Hepliaklqana.
   419 | D:1      | Found a glowing golden altar of the Shining One.
   419 | D:1      | Found a shattered altar of Ashenzari.
   421 | D:1      | Found a shimmering altar of Xom.
   421 | D:1      | Found a bloodstained altar of Trog.
   421 | D:1      | Found a shadowy altar of Dithmenos.
   468 | D:1      | Reached XP level 3. HP: 23/23 MP: 3/3
   937 | D:2      | Noticed Jessica
   963 | D:2      | Slain by a leopard gecko

Levels and vault maps discovered:
D:1:      giann_forest_graveyard, layout_basic, doesnt_xom_only_xom
D:2:      layout_loops_ring, first_ration, uniq_jessica

Action                   || total
-------------------------++-------
Melee: Flail             ||   120
  Use: Scroll            ||     2
       Potion            ||     1
Armor: Scale mail        ||    92
Dodge: Dodged            ||    34
Block: Shield            ||    74

Table legend:
 A = Non-vault XP
 B = Vault XP
 C = Vault XP percentage of total XP
 D = Non-vault monster count
 E = Vault monster count
 F = Vault count percentage of total count
                 A         B        C        D         E       F
            +---------+---------+-------+---------+---------+-------
      Total |      71 |       0 |   0.0 |      34 |       0 |   0.0
            +---------+---------+-------+---------+---------+-------
        D:1 |      44 |       0 |   0.0 |      26 |       0 |   0.0
        D:2 |      27 |       0 |   0.0 |       8 |       0 |   0.0
            +---------+---------+-------+---------+---------+-------
